 Dungeon Crawl Stone Soup version 0.24.0-125-gc4c63601f3 (webtiles) character file.

Game seed: 6306245904187057693, levelgen mode: deterministic

56 Motbakke the Slasher (level 4, -13/35 HPs)
             Began as a Human Berserker on Mar 16, 2020.
             Was a Believer of Trog.
             Mangled by an ogre
             ... wielding a +0 giant club
              (19 damage)
             ... on level 2 of the Dungeon.
             The game lasted 00:29:27 (1811 turns).

Motbakke the Slasher (Human Berserker)              Turns: 1811, Time: 00:29:28

Health: -13/35     AC:  8    Str: 23    XL:     4   Next: 17%
Magic:  4/4        EV: 11    Int:  8    God:    Trog [**....]
Gold:   99         SH:  0    Dex: 12    Spells: 3/3 levels left

rFire    . . .     SeeInvis .   a - +0 falchion
rCold    . . .     Gourm    .   (no shield)
rNeg     . . .     Faith    .   c - +0 ring mail
rPois    .         Spirit   .   (no helmet)
rElec    .         Reflect  .   p - +2 cloak
rCorr    .         Harm     .   (no gloves)
MR       .....                  (no boots)
Stlth    +.........             (no amulet)
HPRegen  0.11/turn              (no ring)
MPRegen  0.09/turn              (no ring)

@: mighty
A: no striking features
a: Berserk, Trog's Hand, Renounce Religion


You were on level 2 of the Dungeon.
You worshipped Trog.
Trog was pleased with you.
You were not hungry.

You visited 1 branch of the dungeon, and saw 2 of its levels.

You collected 99 gold pieces.

Inventory:

Hand Weapons
 a - a +0 falchion (weapon)
 g - a +0 dagger
 w - a +0 hunting sling
 z - a +0 dagger
Missiles
 q - 10 poisoned darts (quivered)
 x - 13 arrows
 y - 22 bolts
Armour
 b - a +0 animal skin
 c - a +0 ring mail (worn)
 p - a +2 cloak (worn)
 u - a +0 ring mail
 v - a +0 leather armour
Jewellery
 o - a cursed -3 ring of intelligence {unknown}
Scrolls
 d - a scroll of blinking {unknown}
 i - a scroll of enchant armour {unknown}
 k - a scroll of teleportation {unknown}
 l - a scroll of identify {unknown}
 n - 2 scrolls of remove curse {unknown}
 s - a scroll of amnesia {unknown}
Potions
 j - a potion of lignification {unknown}
 m - 4 potions of curing {unknown}
 t - a potion of mutation {unknown}
 A - a potion of agility {unknown}
Comestibles
 r - 3 rations


   Skills:
 + Level 3.5 Fighting
 * Level 4.0 Long Blades
 + Level 2.0 Armour
 + Level 2.2 Dodging
 + Level 0.5 Stealth


You had 3 spell levels left.
You didn't know any spells.
Your spell library was empty.

Dungeon Overview and Level Annotations

Branches:
Dungeon (2/15)

Altars:


Message History

There is a stone staircase leading down here.
You see here a +0 dagger.
There is an open door here.
You open the door.
A dart slug comes into view.
The ogre hits you with a +0 giant club!
* * * LOW HITPOINT WARNING * * *
You hit the dart slug.
The dart slug is heavily wounded.
The ogre barely misses you.
You hit the dart slug.
You kill the dart slug!
Trog accepts your kill.
Found 7 gold pieces.
There is an open door here.
You see here a dart slug corpse.
You open the door.
The ogre hits you with a +0 giant club!!
Ouch! That really hurt!
You die...

....# #.#.... . ....
..#...# .#
#..########.... ..
##..#........... #.
...#.##........
###.####.#.########..
.................#..
######'####.#.#..#####..
#$.....@###.#...........
#.......O...#.##..####..
#.......#####...........
######### ##.##..####.
#.###.####. #......##..
#....#.##.# #....#..#.#
#.#####.#.#


You could see an ogre.

Vanquished Creatures
  An adder (D:2)
  3 dart slugs
  2 leopard geckos (D:1)
  3 giant cockroaches
  7 goblins
  7 hobgoblins
  A jackal (D:1)
  4 bats
  3 frilled lizards
  2 kobolds
  5 rats
38 creatures vanquished.

Notes
Turn   | Place    | Note
-------+----------+-------------------------------------------
     0 | D:1      | Motbakke the Human Berserker began the quest for the Orb.
     0 | D:1      | Reached XP level 1. HP: 18/18 MP: 1/1
   160 | D:1      | Reached XP level 2. HP: 24/24 MP: 2/2
   489 | D:1      | Reached XP level 3. HP: 29/29 MP: 3/3
   863 | D:2      | Noticed an ogre
   998 | D:2      | Reached ** piety under Trog
  1242 | D:2      | Reached XP level 4. HP: 32/35 MP: 4/4
  1449 | D:2      | Reached skill level 4 in Long Blades
  1693 | D:2      | HP: 1/35 [ogre/+0 giant club (6)]
  1811 | D:2      | Mangled by an ogre

Levels and vault maps discovered:
D:1:      dpeg_arrival_rooms_with_view, layout_rooms
D:2:      layout_basic

Skill      XL: |  1  2  3  4 |
---------------+-------------+-----
Long Blades    | 4 |  4.0
Fighting       | |  3.5
Armour         | |  2.0
Dodging        | |  2.2
Stealth        | |  0.5

Action                   |  1- 3 |  4- 6 || total
-------------------------+-------+-------++-------
Melee: Falchion          |    85 |    16 ||   101
Throw: Dart              |       |     4 ||     4
Invok: Trog's Hand       |     1 |       ||     1
  Use: Potion            |       |     3 ||     3
 Stab: Sleeping          |     2 |       ||     2
  Eat: Ration            |     1 |       ||     1
Armor: Animal skin       |    14 |       ||    14
       Ring mail         |     2 |     4 ||     6
Dodge: Dodged            |    54 |    14 ||    68
       Rpst.: Falchion   |    21 |     2 ||    23
